 Dungeon Crawl Stone Soup version 0.29-a0-322-g68df515428 (webtiles) character file.

Game seed: 12039894289045998023

9 quinnr the Gusty (level 2, -2/15 HPs)
             Began as a Tengu Air Elementalist on Apr 6, 2022.
             Slain by a gnoll
             ... wielding a +0 flail
              (13 damage)
             ... on level 1 of the Dungeon.
             The game lasted 00:01:46 (545 turns).

quinnr the Gusty (Tengu Air Elementalist)            Turns: 545, Time: 00:01:47

Health: -2/15      AC:  2    Str: 14    XL:     2   Next: 12%
Magic:  5/6        EV: 12    Int: 15    God:
Gold:   25         SH:  0    Dex: 14    Spells: 4/5 levels left

rFire   . . .      SeeInvis .   c - +3 spear
rCold   . . .      Faith    .   (no shield)
rNeg    . . .      Spirit   .   a - +0 robe
rPois   .          Reflect  .   (helmet restricted)
rElec   .          Harm     +   g - scarf {harm}
rCorr   .          Rampage  .   (no gloves)
Will    .....                   (boots unavailable)
Stlth   ++........              (no amulet)
HPRegen 0.05/turn               f - +6 ring of strength
MPRegen 0.10/turn               (no ring)

@: no status effects
A: beak, talons 3
a: no special abilities


You were on level 1 of the Dungeon.
You visited 1 branch of the dungeon, and saw 1 of its levels.

You collected 25 gold pieces.

Inventory:

Hand Weapons
 c - a +3 spear (weapon)
Armour
 a - a +0 robe (worn)
 g - a scarf of harm (worn)
Jewellery
 f - a +6 ring of strength (left hand)
Scrolls
 h - a scroll of identify {unknown}
 i - a scroll of amnesia {unknown}
 j - a scroll of teleportation {unknown}
 l - a scroll of immolation {unknown}
Potions
 b - a potion of magic
 d - a potion of mutation {unknown}
 e - a potion of heal wounds {unknown}
 k - 2 potions of brilliance {unknown}


   Skills:
 - Level 2.1 Dodging
 - Level 2.0 Stealth
 - Level 2.0 Spellcasting
 - Level 1.3 Conjurations
 * Level 4.8 Air Magic


You had 4 spell levels left.
You knew the following spells:

 Your Spells              Type           Power      Damage    Failure   Level
a - Shock                 Conj/Air       40%        1d5       6%          1

Your spell library contained the following spells:

 Spells                   Type           Power      Damage    Failure   Level
 Swiftness                Air            16%        N/A       9%          3
 Static Discharge         Conj/Air       10%        N/A       10%         2
 Airstrike                Air            8%         N/A       30%         4


Dungeon Overview and Level Annotations

Branches:
Dungeon (1/15)

Altars:
Yredelemnul


Innate Abilities, Weirdness & Mutations

You have a beak for a mouth.
You have claws for feet.


Message History

j - a scroll labelled ECI ZENUTSESHRI A frilled lizard comes into view.
The zap hits the frilled lizard.
You kill the frilled lizard!
You have reached level 2!
k - 2 golden potions
Found 10 stones.
A bat comes into view.
Found a scroll labelled QEOL DOECA.
A bat is nearby!
The zap hits the bat.
The bat is moderately wounded.
The bat misses you.
The zap hits the bat.
You kill the bat!
l - a scroll labelled QEOL DOECA A giant cockroach comes into view.
The zap hits the giant cockroach.
The giant cockroach is moderately wounded.
The zap hits the giant cockroach but does no damage.
The giant cockroach is moderately wounded.
The zap hits the giant cockroach.
The giant cockroach is severely wounded.
The giant cockroach waves its antennae.
The zap hits the giant cockroach.
You kill the giant cockroach!
You see here a giant cockroach corpse.
Found a stone staircase leading down.
You see here a giant cockroach corpse.
A gnoll comes into view. It is wielding a +0 flail.
Found a scroll labelled KAOHUWN SUDEW.
The gnoll shouts!
You hear an angry hiss.
The zap hits the gnoll.
The gnoll is moderately wounded.
A ball python comes into view.
The gnoll hits you with a +0 flail.
Unknown command.
The gnoll attacks as you move away! The gnoll hits you with a +0 flail!
Ouch! That really hurt!
You die...

#≈#♣♣..............#..#..
#≈#♣...............#.....
#_#.#####...########.....
#>#.# #...# #####. #####
#...# #. #...# #. #...#
#. ##...#### #. #@......#
#. #g#.###.# #. #...# #
#. ..... ## ....#.#
#....... #S#....##
..#.#?##


You could see a gnoll and a ball python.

Vanquished Creatures
  A dart slug (D:1)
  A giant cockroach (D:1)
  2 goblins (D:1)
  A ball python (D:1)
  2 bats (D:1)
  A frilled lizard (D:1)
8 creatures vanquished.

Notes
Turn   | Place    | Note
-------+----------+-------------------------------------------
     0 | D:1      | quinnr the Tengu Air Elementalist began the quest for the
                  | Orb.
     0 | D:1      | Reached XP level 1. HP: 10/10 MP: 4/4
    11 | D:1      | Found a basalt altar of Yredelemnul.
   305 | D:1      | Reached XP level 2. HP: 15/15 MP: 4/6
   545 | D:1      | Slain by a gnoll

Illustrated notes

Levels and vault maps discovered:
D:1:      sevenhm_arrival_forest_fort_small_6, layout_loops_cross,
          hellmonk_ecumenical_altar_arch_garden

Action                   || total
-------------------------++-------
Melee: Spear             ||     2
       Kick              ||     1
 Cast: Shock             ||    17
Dodge: Dodged            ||     1

Table legend: (Time is in decaauts)
 A = Elapsed time spent in this place.
 B = Non-inter-level travel time spent in this place.
 C = Inter-level travel time spent in this place.
 D = Time resting spent in this place.
 E = Time spent auto-exploring this place.
 F = Levels seen in this place.
 G = Mean time per level.
                   A        B        C        D        E       F      G
               +--------+--------+--------+--------+--------+-----+--------+
         Total |    544 |    544 |      0 |      0 |    480 |   1 |  544.0 |
       Dungeon |    544 |    544 |      0 |      0 |    480 |   1 |  544.0 |
               +--------+--------+--------+--------+--------+-----+--------+

Top non-repeatable levels by time:
     D:1: 544 daAuts
